 Dungeon Crawl Stone Soup version 0.31-a0-846-gb3bcc0d938 (webtiles) character file.

Game seed: 9152264447638878416

11 retardedninja the Firebug (level 2, -4/15 HPs)
             Began as a Gargoyle Fire Elementalist on Oct 3, 2023.
             Slain by a goblin
             ... wielding a +2 dagger of distortion
              (5 damage)
             ... on level 1 of the Dungeon.
             The game lasted 00:00:37 (555 turns).

retardedninja the Firebug (GrFE)                     Turns: 555, Time: 00:00:37

Health: -4/15      AC:  4    Str: 11    XL:     2   Next: 29%
Magic:  4/5        EV: 12    Int: 15    God:
Gold:   60         SH:  0    Dex: 10    Spells: 4/5 levels left

rFire   . . .        (no weapon)
rCold   . . .        (no shield)
rNeg    + . .        a - +0 robe
rPois   ∞            (no helmet)
rElec   +            (no cloak)
rCorr   .            (no gloves)
SInv    .            (no boots)
Will    .....        (no amulet)
Stlth   ++           (no ring)
HPRegen 0.22/turn    (no ring)
MPRegen 0.09/turn

%: no passive effects
@: no status effects
A: sickness immunity, AC +2, negative energy resistance 1, electricity
resistance, torment resistance 1, petrification resistance
a: no special abilities


You were on level 1 of the Dungeon.
You visited 1 branch of the dungeon, and saw 1 of its levels.

You collected 60 gold pieces.

Inventory:

Missiles
 c - a throwing net
Armour
 a - a +0 robe (worn)
Scrolls
 f - a scroll of poison {unknown}
Potions
 b - a potion of magic
 d - 2 potions of lignification {unknown}
 e - 2 potions of heal wounds {unknown}


   Skills:
 + Level 1.7 Dodging
 + Level 2.4 Stealth
 + Level 2.1 Spellcasting
 + Level 1.4 Conjurations
 + Level 3.1 Fire Magic


You had 4 spell levels left.
You knew the following spells:

 Your Spells              Type           Power      Damage    Failure   Level
a - Foxfire               Conj/Fire      32%        2x1d5     9%          1

Your spell library contained the following spells:

 Spells                   Type           Power      Damage    Failure   Level
 Scorch                   Fire           22%        2d5       9%          2
 Inner Flame              Hex/Fire       6%         N/A       34%         3
 Volatile Blastmotes      Fire/Tloc      12%        2d11      34%         3
 Flame Wave               Conj/Fire      8%         2d5       63%         4


Dungeon Overview and Level Annotations

Branches:
Dungeon (1/15)

Altars:


Innate Abilities, Weirdness & Mutations

You are immune to sickness and miasma.
Your stone body is resilient. (AC +2)
You are immune to poison.
You resist negative energy. (rN+)
You are resistant to electric shocks. (rElec)
You are resistant to unholy torment.
You are immune to petrification.


Message History

Casting: Foxfire (safe; 9% risk of failure)
Press: ? - help, Q - select action, (/) - cycle Dir - look around, f - activate You conjure some foxfire!
The quokka bites you but does no damage.
Casting: Foxfire (safe; 9% risk of failure)
Press: ? - help, Q - select action, (/) - cycle Dir - look around, f - activate You conjure some foxfire!
The foxfire hits the quokka.
The quokka is almost dead.
The foxfire hits the quokka.
You kill the quokka!
Casting: Foxfire (safe; 9% risk of failure)
Press: ? - help, Q - select action, (/) - cycle Dir - look around, f - activate You conjure some foxfire!
Your foxfire dissipates! x2
Key pressed, stopping explore.
Your foxfire dissipates!
You now have 60 gold pieces (gained 10).
Key pressed, stopping explore.
Found 3 stones.
Found a stone staircase leading down.
A goblin comes into view.
It is wielding a +2 dagger of distortion.
Found 4 gold pieces.
The goblin shouts!
A ball python comes into view.
The goblin moves out of view.
You conjure some foxfire!
The ball python hisses angrily.
The foxfire hits the ball python.
You kill the ball python!
The foxfire hits the goblin.
The goblin is moderately wounded.
The goblin hits you with a +2 dagger of distortion.
Space warps horribly around you!
Ouch! That really hurt!
* * * LOW HITPOINT WARNING * * *
You are too injured to fight recklessly!
The goblin hits you with a +2 dagger of distortion.
* * * LOW HITPOINT WARNING * * *
Space warps around you.
You die...

#.....# #.##..
#.....# #.....
#.....# #.##..
#.....# #.##.#
####.....#
#.##.# #
#......###
#..... ####.
#.####.# ..##.#
.$....#.####.#.
......
#g@.......
>....#
#.>#.##.#.
......
.(....##.#.
###..... .# #
#......
########


You could see a goblin.

Vanquished Creatures
  A hobgoblin (D:1)
  A quokka (D:1)
  3 ball pythons (D:1)
  2 bats (D:1)
  A frilled lizard (D:1)
  3 kobolds (D:1)
  A rat (D:1)
12 creatures vanquished.

Vanquished Creatures (others)
  40 foxfires (D:1)
40 creatures vanquished.

Grand Total: 52 creatures vanquished

Notes
Turn   | Place    | Note
-------+----------+-------------------------------------------
     0 | D:1      | retardedninja the Gargoyle Fire Elementalist began the
                  | quest for the Orb.
     0 | D:1      | Reached XP level 1. HP: 10/10 MP: 3/3
   267 | D:1      | Reached XP level 2. HP: 15/15 MP: 0/5
   555 | D:1      | Slain by a goblin

Illustrated notes

Levels and vault maps discovered:
D:1:      nagdon_arrival_double_spiral, layout_loops_cross,
          ebering_ecumenical_altar_mist, minmay_tetromino_o4

Action                     || total
---------------------------++-------
  Melee: Unarmed           ||     8
         Punch             ||     1
   Cast: Foxfire           ||    26
 Armour: Robe              ||    14
  Dodge: Dodged            ||    18

Table legend: (Time is in decaauts)
 A = Elapsed time spent in this place.
 B = Non-inter-level travel time spent in this place.
 C = Inter-level travel time spent in this place.
 D = Time resting spent in this place.
 E = Time spent auto-exploring this place.
 F = Levels seen in this place.
 G = Mean time per level.
                   A        B        C        D        E       F      G
               +--------+--------+--------+--------+--------+-----+--------+
         Total |    555 |    555 |      0 |      0 |    455 |   1 |  555.0 |
       Dungeon |    555 |    555 |      0 |      0 |    455 |   1 |  555.0 |
               +--------+--------+--------+--------+--------+-----+--------+

Top non-repeatable levels by time:
     D:1: 555 daAuts
